Map: Lightshade LE

Players

TYTY (TY)

  • Race: Terran Terran
  • League: Grandmaster
  • Spawn Location: 11:00

Stats - Winner!

  • Race: Protoss Protoss
  • League: Grandmaster
  • Spawn Location: 5:00

Event: DreamHack SC2 Masters 2020 Winter

VOD

Have the link to the VOD?

Description

Time

  • Played on: Nov. 13, 2020, 10:07 a.m.
  • Length: 10:15

All games in this series

Show
View Real Time Build Order
Export as new Build Order

TYTY Terran 

Build Orders: Mech 

Get SALT Encoding   

  12  0:00  SCV  
  13  0:12  SCV  
  14  0:17  Supply Depot  
  14  0:24  SCV  
  15  0:40  SCV, Barracks  
  16  0:45  Refinery  
  16  0:52  SCV  
  16  0:55  Refinery  
  17  1:04  SCV  
  18  1:17  SCV  
  19  1:33  Engineering Bay  
  19  1:35  SCV  
  20  1:48  Reaper  
  20  1:51  Orbital Command  
  20  1:58  Factory  
  20  2:11  Supply Depot  
  20  2:17  Bunker  
  20  2:18  SCV  
  20  2:21  Reaper  
  22  2:30  SCV  
  22  2:33  Supply Depot  
  23  2:42  Hellion  
  25  2:46  Starport  
  25  2:49  SCV  
  26  2:56  Reaper  
  27  3:01  SCV  
  27  3:03  Hellion  
  30  3:13  SCV  
  30  3:14  Supply Depot  
  30  3:25  Medivac, Hellion  
  30  3:26  SCV  
  35  3:42  SCV  
  35  3:46  Factory Tech Lab  
  35  3:52  Command Center  
  35  3:56  Starport Tech Lab  
  35  3:58  SCV  
  36  4:06  Cyclone  
  39  4:16  Banshee  
  42  4:36  SCV  
  40  4:40  Cyclone  
  41  4:49  Barracks Reactor  
  39  4:54  Command Center  
  39  4:55  SCV  
  42  5:16  SCV  
  38  5:21  Viking  
  38  5:22  Orbital Command  
  38  5:25  Siege Tank  
  38  5:27  Marine  
  44  5:30  Marine  
  44  5:33  SCV  
  46  5:40  Orbital Command  
  46  5:45  Marine  
  46  5:48  Marine  
  48  5:52  Viking  
  48  5:53  SCV  
  51  6:05  SCV  
  51  6:08  Marine x2  
  51  6:09  Siege Tank  
  54  6:16  SCV  
  45  6:22  Viking  
  42  6:25  Marine x2  
  42  6:27  Orbital Command  
  42  6:29  SCV x2  
  42  6:30  Bunker  
  45  6:40  Refinery  
  45  6:41  Siege Tank  
  45  6:42  Refinery  
  45  6:43  Marine x2  
  45  6:44  SCV  
  45  6:45  SCV  
  52  6:55  SCV  
  52  6:56  SCV  
  52  6:57  SCV  
  52  7:00  Viking  
  56  7:02  Marine  
  56  7:03  Marine  
  56  7:08  SCV  
  59  7:10  Factory  
  59  7:15  Factory, SCV  
  60  7:16  SCV  
  60  7:20  Marine  
  60  7:21  Marine  
  63  7:25  Siege Tank  
  63  7:26  Orbital Command  
  63  7:28  SCV  
  67  7:32  SCV  
  67  7:35  Supply Depot  
  68  7:38  Marine  
  68  7:40  SCV  
  70  7:44  SCV  
  70  7:45  Raven  
  74  7:52  SCV x2  
  74  7:57  SCV  
  78  7:59  Siege Tank, Supply Depot  
  78  8:03  Factory Tech Lab  
  78  8:04  SCV x2  
  81  8:09  SCV  
  81  8:10  Supply Depot  
  81  8:11  Supply Depot  
  82  8:13  Hellion  
  84  8:20  SCV  
  84  8:21  SCV, Hellion  
  84  8:22  Armory x2  
  88  8:27  Siege Tank  
  88  8:29  SCV  
  88  8:32  SCV  
  93  8:36  Hellion x2  
  97  8:41  SCV x2  
  97  8:44  Factory  
  97  8:45  Hellion  
  97  8:47  Supply Depot  
  100  8:50  SCV  
  100  8:53  SCV  
  102  8:57  Hellion  
  104  9:03  Factory  
  104  9:04  Supply Depot  
  104  9:05  Supply Depot  
  104  9:09  Siege Tank, Engineering Bay  
  107  9:10  Supply Depot  
  107  9:12  Hellion  
  107  9:13  Supply Depot, SCV  
  107  9:14  SCV  
  111  9:17  SCV  
  111  9:19  Refinery  
  112  9:25  SCV  
  112  9:26  SCV  
  112  9:28  Hellion x2  
  112  9:29  SCV  
  112  9:31  Starport Reactor  
  119  9:34  Supply Depot  
  119  9:35  Supply Depot  
  119  9:37  Widow Mine  
  124  9:38  Widow Mine  
  124  9:40  Missile Turret  
  124  9:44  Missile Turret  
  124  9:45  Missile Turret  
  124  9:46  Missile Turret  
  124  9:48  Sensor Tower  
  124  9:51  Factory Tech Lab  
Show
View Real Time Build Order
Export as new Build Order

Stats Protoss - Winner!

Build Orders: Phoenix Opening 

Get SALT Encoding   

  12  0:00  Probe  
  13  0:12  Probe  
  14  0:17  Pylon  
  14  0:24  Probe (Chrono Boost)  
  15  0:36  Probe (Chrono Boost)  
  15  0:37  Gateway  
  16  0:44  Probe (Chrono Boost)  
  16  0:45  Assimilator  
  17  0:51  Probe  
  18  1:03  Probe  
  19  1:15  Probe  
  20  1:23  Cybernetics Core  
  20  1:27  Probe  
  21  1:39  Probe  
  22  1:40  Pylon  
  23  1:54  Assimilator  
  23  2:00  Adept (Chrono Boost)  
  25  2:01  Shield Battery  
  25  2:06  Nexus  
  24  2:14  Probe  
  25  2:26  Probe  
  25  2:27  Adept (Chrono Boost)  
  26  2:32  Stargate  
  28  2:38  Probe  
  29  2:45  Warp Gate  
  29  2:50  Probe  
  30  2:51  Pylon  
  30  3:02  Probe  
  31  3:13  Stalker (Chrono Boost)  
  31  3:15  Probe  
  31  3:16  Phoenix  
  36  3:20  Probe  
  36  3:27  Probe  
  38  3:32  Probe  
  39  3:35  Gateway  
  40  3:44  Stalker (Chrono Boost)  
  40  3:45  Phoenix  
  43  3:51  Pylon  
  43  4:05  Probe x2  
  45  4:10  Phoenix (Chrono Boost)  
  47  4:21  Shield Battery, Probe x2  
  47  4:32  Phoenix (Chrono Boost)  
  47  4:35  Stalker  
  47  4:45  Probe x2  
  47  4:52  Phoenix  
  49  4:57  Probe x2  
  49  4:59  Stalker  
  53  5:05  Assimilator  
  52  5:09  Probe  
  53  5:20  Assimilator, Probe  
  52  5:21  Probe  
  52  5:22  Robotics Facility  
  52  5:24  Pylon  
  53  5:32  Probe  
  53  5:33  Probe  
  53  5:35  Stalker  
  57  5:36  Stalker  
  59  5:44  Pylon  
  59  5:45  Probe x2  
  61  5:56  Nexus  
  61  6:10  Probe x2  
  57  6:21  Stalker x2  
  57  6:23  Probe  
  57  6:24  Probe  
  61  6:28  Robotics Bay, Observer  
  62  6:34  Pylon  
  62  6:36  Probe x2  
  62  6:37  Forge  
  64  6:40  Twilight Council  
  64  6:44  Stalker x2  
  68  6:48  Probe x2  
  68  6:58  Protoss Ground Weapons Level 1 (Chrono Boost), Observer (Chrono Boost)  
  68  7:00  Probe x2  
  71  7:03  Gateway  
  71  7:05  Gateway  
  71  7:09  Charge  
  71  7:10  Probe  
  71  7:12  Probe x2  
  74  7:15  Colossus (Chrono Boost)  
  74  7:17  Extended Thermal Lance  
  74  7:22  Probe  
  81  7:24  Probe x2  
  83  7:33  Gateway  
  83  7:37  Gateway  
  83  7:38  Gateway  
  83  7:40  Gateway  
  82  7:44  Sentry x2  
  82  7:47  Probe x3  
  89  7:55  Colossus (Chrono Boost)  
  89  7:58  Nexus  
  95  8:17  Zealot x3  
  101  8:22  Phoenix  
  101  8:23  Pylon  
  101  8:25  Templar Archives  
  101  8:26  Assimilator  
  101  8:27  Assimilator  
  101  8:28  Observer  
  101  8:30  Shield Battery  
  101  8:40  Pylon  
  101  8:41  Warp Prism (Chrono Boost)  
  103  8:52  Zealot x3  
  108  8:56  Pylon  
  108  8:57  Pylon  
  108  8:58  Gravitic Drive  
  108  9:03  Zealot x4  
  108  9:08  Probe  
  108  9:09  Probe x2  
  119  9:11  Probe  
  119  9:15  Zealot x4  
  128  9:20  Probe  
  128  9:21  Probe x2  
  128  9:23  Probe  
  132  9:30  High Templar x4  
  140  9:32  Photon Cannon, Probe  
  140  9:33  Photon Cannon  
  140  9:34  Archon x2  
  140  9:35  Zealot  
  140  9:36  Zealot x2  
  147  9:40  Pylon  
  147  9:41  Pylon  
  147  9:42  Pylon  
  147  9:57  Zealot x4  
  125  10:02  Zealot x4  
Tags
 
Add a new tag
Caveats
  • Supply blocks, unpowered buildings, or Contaminate may cause inaccurate times.
  • Supply counts are checked every 10 seconds.